 Dungeon Crawl Stone Soup version 0.19-a0-683-g5f2401d (webtiles) character file.

15897 tyrsky the Basher (level 12, 0/107 HPs)
             Began as a Minotaur Fighter on June 17, 2016.
             Was a Priest of Okawaru.
             Slain by a swamp worm (1 damage)
             ... on level 1 of the Lair of Beasts.
             The game lasted 00:27:24 (11122 turns).

tyrsky the Basher (Minotaur Fighter)               Turns: 11122, Time: 00:27:24

Health: 0/107      AC: 18    Str: 32    XL:     12   Next: 5%
Magic:  11/11      EV:  2    Int: 10    God:    Okawaru [***...]
Gold:   643        SH:  0    Dex: 11    Spells: 0 memorised, 11 levels left

rFire  + + +     SeeInvis .     d - +3 morningstar "Hellblazer" {crush, +Fly}
rCold  . . .     Gourm    .     T - +2 chain mail {rPois}
rNeg   + + +     Faith    .     c - +1 shield
rPois  ∞         Spirit   .     (helmet restricted)
rElec  .         Dismiss  .     C - +2 cloak
rCorr  .         Reflect  +     s - +0 pair of gloves
SustAt .         Harm     .     (no boots)
MR     .....     NoTele   +     n - amulet "Tol Wuco" {Reflect -Tele rF++ Str+3 SH+3}
Stlth  ..........               L - ring of protection from fire
                                i - ring of Conversion {*Contam EV+5 Str+2 Int+5}

@: petrified, not resistant to hostile enchantments, extremely unstealthy
A: retaliatory headbutt, horns 2, strong 1
a: Heroism, Renounce Religion, Evoke Flight


You were on level 1 of the Lair of Beasts.
You worshipped Okawaru.
Okawaru was most pleased with you.
You were not hungry.

You visited 2 branches of the dungeon, and saw 11 of its levels.
You also visited: Trove and Ossuary.

You collected 643 gold pieces.

Inventory:

Hand Weapons
 d - the +3 morningstar "Hellblazer" (weapon) {crush, +Fly}
   (You found it in a treasure trove)

   It inflicts extra damage upon your enemies.
   It lets you fly.
 e - a +1 eveningstar of crushing
Armour
 c - a +1 shield (worn)
 s - a +0 pair of gloves (worn)
 C - a +2 cloak (worn)
 T - a +2 chain mail of poison resistance (worn)
Jewellery
 i - the ring of Conversion (left hand) {*Contam EV+5 Str+2 Int+5}
   (You found it on level 10 of the Dungeon)

   [ring of evasion]

   It affects your evasion (+5).
   It affects your strength (+2).
   It affects your intelligence (+5).
   It causes magical contamination when unequipped.
 k - a +5 ring of evasion {unknown}
 n - the amulet "Tol Wuco" (around neck) {Reflect -Tele rF++ Str+3 SH+3}
   (You found it on level 6 of the Dungeon)

   [amulet of reflection]

   It shields you and reflects attacks.
   It affects your strength (+3).
   It greatly protects you from fire.
   It prevents most forms of teleportation.
   It affects your SH (+3).
 y - an uncursed amulet of magic regeneration {unknown}
 D - an uncursed ring of wizardry
 K - an uncursed ring of flight
 L - a ring of protection from fire (right hand)
Wands
 A - a wand of slowing (8/48)
 M - a wand of confusion (21/48)
 N - a wand of teleportation (3/9)
 R - a wand of polymorph (7/24)
 W - a wand of disintegration (16/24)
 X - a wand of acid (11/15)
 Y - a wand of lightning (7/15)
 Z - a wand of iceblast (9/15)
Scrolls
 a - a scroll of vulnerability {unknown}
 t - a scroll of fog
 v - 2 scrolls of enchant armour
 w - 3 scrolls of enchant weapon
 x - 4 scrolls of remove curse
 z - 3 scrolls of identify {@*1}
 F - a scroll of recharging
 G - 4 scrolls of blinking
 H - a scroll of magic mapping
 I - 5 scrolls of teleportation
 S - 2 scrolls of fear
Potions
 b - a potion of berserk rage {unknown}
 g - 4 potions of cancellation
 h - 2 potions of flight
 j - 3 potions of brilliance
 m - 3 potions of magic
 p - a potion of agility
 r - a potion of ambrosia
 u - 3 potions of curing
 J - 2 potions of heal wounds
 O - a potion of lignification
 V - 2 potions of resistance {unknown}
Books
 q - a book of Minor Magic

   Spells                             Type                      Level
   a - Magic Dart                     Conjuration                  1
   b - Blink                          Translocation                2
   c - Call Imp                       Summoning                    2
   d - Repel Missiles                 Charms/Air                   2
   e - Slow                           Hexes                        2
   f - Conjure Flame                  Conjuration/Fire             3
   g - Mephitic Cloud                 Conjuration/Poison/Air       3
 B - a book of Burglary

   Spells                             Type                      Level
   a - Swiftness                      Charms/Air                   2
   b - Passwall                       Transmutation/Earth          2
   c - Passage of Golubria            Translocation                4
   d - Lee's Rapid Deconstruction     Earth                        5
   e - Darkness                       Hexes                        6
   f - Invisibility                   Hexes                        6
Comestibles
 f - 4 bread rations
 l - 6 meat rations
 o - 5 fruits
 E - 2 royal jellies
 P - 2 beef jerkies
 Q - a chunk of flesh
 U - 2 slices of pizza


   Skills:
 + Level 10.3 Fighting
 * Level 13.4 Maces & Flails
 + Level 10.3 Armour
 + Level 8.9 Dodging
 + Level 10.3 Shields


You had 11 spell levels left.
You didn't know any spells.

Dungeon Overview and Level Annotations

Branches:
Dungeon (10/15)            Temple (0/1) D:4            Lair (1/6) D:10
    Orc: D:9-12

Altars:
Cheibriados
Elyvilon
Fedhas
Hepliaklqana
Kikubaaqudgha
Okawaru
Pakellas
Ru
Trog
Uskayaw
Beogh


Innate Abilities, Weirdness & Mutations

You reflexively headbutt those who attack you in melee.
You have a pair of horns on your head.
Your muscles are strong. (Str +2)


Message History

Unknown command.
Unknown command.
Unknown command.
Your limbs are stiffening.
The swamp worm misses you.
You have turned to stone.
The swamp worm bites you but does no damage.
The swamp worm bites you!
* * * LOW HITPOINT WARNING * * *
The basilisk bites you!
* * * LOW HITPOINT WARNING * * *
The swamp worm bites you!
* * * LOW HITPOINT WARNING * * *
The basilisk completely misses you. The swamp worm bites you!
* * * LOW HITPOINT WARNING * * *
The basilisk bites you but does no damage.
The swamp worm bites you. The basilisk gazes at you. The swamp worm bites you.
You die...

#..#..........................
#......................#......
#.............#...##....#..#..
#..............#...##.########
#....................## #
#...................#.#
#.########P.........###
#..........## ##..H.....†.####
#..wl..≈≈≈≈≈≈≈###
##...≈≈≈≈≈≈≈≈≈≈≈##
##..≈≈≈#######≈≈≈##
#...≈≈P#≈†≈≈≈##≈≈≈#
#...≈≈≈≈≈≈≈≈≈[#≈≈##
#...≈≈P#†≈≈≈≈##≈≈#
#...≈≈≈#######≈≈≈###
#....≈≈≈≈≈≈≈≈≈≈≈...#


You could see a basilisk and a swamp worm.

Vanquished Creatures
  Maud (D:10)
  A hydra (Lair:1)
  A centaur warrior (D:10)
  An ogre mage (D:10)
  The ghost of tstbtto the Cleaver, a novice CeBe of Trog (D:7)
  An unseen horror (D:10)
  A hill giant (D:10)
  Pikel (D:7)
  An ugly thing (D:10)
  Maurice (D:9)
  Joseph (D:9)
  A spiny frog (Lair:1)
  2 trolls
  Sigmund (D:4)
  20 yaks
  2 hippogriffs
  A vampire mosquito (D:10)
  Menkaure (D:7)
  3 swamp worms (Lair:1)
  4 water moccasins
  2 porcupines (Lair:1)
  7 orc warriors
  A slave (D:7)
  A black bear (D:7)
  An ogre (D:9)
  A necrophage (D:8)
  2 phantoms
  A centaur (D:7)
  2 crocodiles
  Blork the orc (D:5)
  10 giant frogs
  4 elf zombies (Ossuary)
  A wyvern zombie (D:8)
  2 scorpions
  3 killer bees (D:7)
  A howler monkey (D:5)
  2 crimson imps (D:8)
  A centaur zombie (D:8)
  2 quasits
  A hound (D:10)
  8 human zombies (Ossuary)
  2 giant frog skeletons (D:8)
  2 jellies
  6 orc priests
  2 centaur skeletons
  9 iguanas
  5 orc wizards
  7 worker ants
  6 sheep (Lair:1)
  A hound zombie (D:9)
  3 mummies (Ossuary)
  A worker ant zombie (D:6)
  3 gnolls (D:4)
  13 adders
  4 shadow imps
  An ooze (D:1)
  2 adder skeletons
  An adder zombie (D:7)
  11 worms
  2 dart slugs
  7 giant geckos
  38 orcs
  5 giant cockroaches
  10 goblins
  11 hobgoblins
  8 jackals
  5 quokkas
  3 ball pythons
  9 bats
  7 giant newts
  A jackal zombie (D:6)
  5 kobolds
  A quokka skeleton (D:4)
  A quokka zombie (D:5)
  8 rats
300 creatures vanquished.

Vanquished Creatures (others)
  A fire dragon (D:5)
  2 centaurs
  An orc (D:9)
  2 plants (Lair:1)
6 creatures vanquished.

Grand Total: 306 creatures vanquished

Notes
Turn   | Place    | Note
--------------------------------------------------------------
     0 | D:1      | tyrsky the Minotaur Fighter began the quest for the Orb.
     0 | D:1      | Reached XP level 1. HP: 19/19 MP: 0/0
   176 | D:1      | Reached XP level 2. HP: 26/27 MP: 1/1
   385 | D:1      | Reached skill level 3 in Maces & Flails
   514 | D:1      | Reached XP level 3. HP: 31/33 MP: 2/2
   864 | D:2      | Found an iron altar of Okawaru.
   884 | D:2      | Became a worshipper of Warmaster Okawaru
  1094 | D:2      | Reached XP level 4. HP: 41/41 MP: 3/3
  1171 | D:2      | Reached skill level 1 in Dodging
  1210 | D:2      | Found an ancient bone altar of Kikubaaqudgha.
  1930 | D:4      | Found a staircase to the Ecumenical Temple.
  1943 | D:4      | Reached skill level 4 in Maces & Flails
  1947 | D:4      | Reached XP level 5. HP: 47/47 MP: 4/4
  2027 | D:4      | Found a sand-covered staircase.
  2033 | Ossuary  | Entered an ossuary
  2062 | Ossuary  | Reached * piety under Okawaru
  2075 | Ossuary  | Reached skill level 5 in Maces & Flails
  2075 | Ossuary  | Reached XP level 6. HP: 48/55 MP: 5/5
  2099 | Ossuary  | Reached skill level 5 in Fighting
  2136 | Ossuary  | Reached skill level 5 in Shields
  2148 | Ossuary  | Reached XP level 7. HP: 47/61 MP: 6/6
  2279 | Ossuary  | Reached skill level 5 in Armour
  2302 | Ossuary  | Reached skill level 6 in Maces & Flails
  2313 | Ossuary  | Reached ** piety under Okawaru
  2477 | D:4      | Noticed Sigmund
  2494 | D:4      | Killed Sigmund
  2505 | D:4      | Found a blossoming altar of Fedhas.
  2885 | D:4      | Reached XP level 8. HP: 56/70 MP: 4/7
  3094 | D:5      | Entered Level 5 of the Dungeon
  3116 | D:5      | Found an oddly glowing altar of Pakellas.
  3117 | D:5      | Noticed a fire dragon
  3140 | D:5      | Killed a fire dragon
  3156 | D:5      | Found a sacrificial altar of Ru.
  3162 | D:5      | Reached skill level 7 in Maces & Flails
  3257 | D:5      | Noticed Blork the orc
  3271 | D:5      | Killed Blork the orc
  3811 | D:6      | Found a white marble altar of Elyvilon.
  3872 | D:6      | Got a shimmering emerald amulet
  3873 | D:6      | Identified the amulet "Tol Wuco" {Reflect -Tele rF++ Str+3 SH+3} (You found it on level 6 of the Dungeon)
  4048 | D:6      | Reached skill level 8 in Maces & Flails
  4109 | D:6      | Found a snail-covered altar of Cheibriados.
  4129 | D:6      | Found a hazy altar of Hepliaklqana.
  4326 | D:7      | Reached *** piety under Okawaru
  4370 | D:7      | Noticed Menkaure
  4377 | D:7      | Killed Menkaure
  4649 | D:7      | Reached skill level 5 in Dodging
  4670 | D:7      | Reached XP level 9. HP: 70/78 MP: 8/8
  4895 | D:7      | Found a hide-covered altar of Uskayaw.
  5051 | D:7      | Noticed tstbtto's ghost (novice CeBe)
  5057 | D:7      | Killed tstbtto's ghost
  5057 | D:7      | Reached skill level 9 in Maces & Flails
  5072 | D:7      | Reached **** piety under Okawaru
  5077 | D:7      | Reached skill level 10 in Maces & Flails
  5350 | D:7      | Noticed Pikel
  5576 | D:7      | Killed Pikel
  5576 | D:7      | Reached XP level 10. HP: 88/88 MP: 6/9
  5801 | D:8      | Reached ***** piety under Okawaru
  5820 | D:8      | Reached skill level 11 in Maces & Flails
  5827 | D:8      | Received a gift from Okawaru
  6587 | D:9      | Noticed Maurice
  6937 | D:9      | Killed Maurice
  7087 | D:9      | Noticed Joseph
  7103 | D:9      | Killed Joseph
  7103 | D:9      | Reached XP level 11. HP: 97/97 MP: 10/10
  7384 | D:9      | Reached skill level 12 in Maces & Flails
  7797 | D:9      | Found a bloodstained altar of Trog.
  8365 | D:10     | Entered Level 10 of the Dungeon
  8392 | D:10     | Found a portal to a secret trove of treasure.
  8651 | Trove    | Entered a treasure trove
  8670 | Trove    | Got a scorched morningstar
  8693 | D:10     | Identified the +3 morningstar "Hellblazer" {crush, +Fly} (You found it in a treasure trove)
  8696 | D:10     | Found a roughly hewn altar of Beogh.
  8744 | D:10     | Noticed Maud
  8761 | D:10     | Killed Maud
  9036 | D:10     | Noticed an eight-headed hydra
  9038 | D:10     | Noticed a brown ugly thing
  9043 | D:10     | Noticed a hill giant
  9500 | D:10     | Noticed a centaur warrior
  9522 | D:10     | Killed a centaur warrior
  9734 | D:10     | Killed a hill giant
  9736 | D:10     | Noticed an ogre mage
  9749 | D:10     | Killed a brown ugly thing
  9754 | D:10     | Killed an ogre mage
  9754 | D:10     | Reached skill level 10 in Shields
  9758 | D:10     | Gained mutation: Your muscles are strong. (Str +2) [mutagenic meat]
  9790 | D:10     | Reached skill level 10 in Fighting
  9790 | D:10     | Reached skill level 13 in Maces & Flails
  9810 | D:10     | Killed an unseen horror
  9810 | D:10     | Reached skill level 10 in Armour
  9920 | D:10     | Got a smoking brass ring
  9922 | D:10     | Identified the ring of Conversion {*Contam EV+5 Str+2 Int+5} (You found it on level 10 of the Dungeon)
  9990 | D:10     | Found a staircase to the Lair.
 10340 | Lair:1   | Entered Level 1 of the Lair of Beasts
 10612 | Lair:1   | Noticed an eight-headed hydra
 10619 | Lair:1   | Killed an eight-headed hydra
 10891 | Lair:1   | Reached XP level 12. HP: 106/106 MP: 11/11
 11112 | Lair:1   | HP: 5/107 [swamp worm (8)]
 11121 | Lair:1   | HP: 1/107 [swamp worm (8)]
 11122 | Lair:1   | Slain by a swamp worm

Vault maps used:
D:1:      shiori_arrival_maze
D:2:      kiku_gazebo_garden_becter, okawaru_gym_becter, minmay_surrounded
D:3:      first_bread
D:4:      fedhas_altar_2, temple_fountains, nicolae_ossuary_entry_plus,
          grunt_decor_mini_mirrors, uniq_sigmund
D:5:      kennysheep_spiral_hall, overflow_temple_1_default,
          gammafunk_pakellas_cloud_experiment, uniq_blork_the_orc
D:6:      elyvilon_altar_5, kennysheep_mini_moat, overflow_temple_1_default,
          small_statue_alley_b
D:7:      lemuel_ice_spiral_2, nicolae_overflow_hidden_temple, uniq_pikel,
          uniq_menkaure
D:9:      lemuel_crystal_altar, uniq_maurice, uniq_joseph
D:10:     minmay_cut_squares, lair_0_dummy, enter_trove_0, special_room,
          uniq_maud
Lair:1:   worms_lemuel, grunt_megastairs_1
Trove:    trove_weapon_2
Ossuary:  ossuary_minmay_four_chambers

Skill      XL: |  1  2  3  4  5  6  7  8  9 10 11 |
---------------+----------------------------------+-----
Fighting       | 4 5 6 7 9 10 | 10.3
Maces & Flails | 3 4 5 6 8 10 11 13 | 13.4
Shields        | 4 5 6 8 9 10 | 10.3
Dodging        | 1 2 3 5 6 7 8 |  8.9
Armour         | 4 5 6 7 9 10 | 10.3

Action                   |  1- 3 |  4- 6 |  7- 9 | 10-12 || total
-------------------------+-------+-------+-------+-------++-------
Melee: Flail             |    96 |   162 |   286 |       ||   544
       Headbutt          |    14 |    35 |    61 |   106 ||   216
       Morningstar       |       |       |    48 |   517 ||   565
       Unarmed           |       |       |     9 |       ||     9
Invok: Heroism           |       |       |     9 |     6 ||    15
       Finesse           |       |       |       |     1 ||     1
  Use: Scroll            |     4 |    13 |     5 |     6 ||    28
       Potion            |       |       |     5 |     3 ||     8
  Eat: Chunk             |     1 |     3 |    12 |    15 ||    31
       Bread ration      |       |       |       |     1 ||     1
Armor: Scale mail        |    34 |    10 |       |       ||    44
       Ring mail         |    13 |       |       |       ||    13
       Plate armour      |       |    42 |   122 |     8 ||   172
       Chain mail        |       |       |       |   127 ||   127
Dodge: Dodged            |    31 |    33 |    86 |   140 ||   290
Block: Shield            |    60 |    51 |   230 |   358 ||   699
       Reflection        |       |       |     8 |    16 ||    24
       Other             |       |       |     3 |       ||     3
